 Dungeon Crawl Stone Soup version 0.24.0-37-gcf1ca852f1 (webtiles) character file.

Game seed: 11067674819806205113, levelgen mode: deterministic

184 FishyPogo the Magician (level 5, 0/28 HPs)
             Began as a Deep Elf Venom Mage on Nov 30, 2019.
             Killed from afar by an orc (13 damage)
             ... with a puff of flame
             ... on level 3 of the Dungeon.
             The game lasted 00:13:53 (2522 turns).

FishyPogo the Magician (Deep Elf Venom Mage)        Turns: 2522, Time: 00:13:53

Health: 0/28       AC:  4    Str:  5    XL:     5   Next: 36%
Magic:  1/13       EV: 13    Int: 21    God:
Gold:   112        SH:  0    Dex: 15    Spells: 3/13 levels left

rFire    . . .     SeeInvis .   h - +2 hand axe (chop)
rCold    . . .     Gourm    .   (no shield)
rNeg     . . .     Faith    .   a - +0 robe
rPois    .         Spirit   .   (no helmet)
rElec    .         Reflect  .   (no cloak)
rCorr    .         Harm     .   o - +1 pair of gloves
MR       .....                  (no boots)
Stlth    ++........             (no amulet)
HPRegen  0.09/turn              q - ring of wizardry
MPRegen  0.13/turn              (no ring)

@: no status effects
A: no striking features
a: no special abilities


You were on level 3 of the Dungeon.
You were not hungry.

You visited 1 branch of the dungeon, and saw 3 of its levels.

You collected 112 gold pieces.

Inventory:

Hand Weapons
 g - a +0 dagger
 h - a +2 hand axe of chopping (weapon)
Missiles
 b - 136 stones (quivered)
Armour
 a - a +0 robe (worn)
 o - a +1 pair of gloves (worn)
Jewellery
 q - a ring of wizardry (left hand)
Scrolls
 f - 2 scrolls of identify {unknown}
 i - 3 scrolls of remove curse {unknown}
 l - a scroll of enchant armour {unknown}
 m - a scroll of magic mapping {unknown}
 n - a scroll of fear {unknown}
Potions
 d - a potion of lignification {unknown}
 j - 2 potions of curing {unknown}
 k - a potion of berserk rage {unknown}
 p - a potion of agility {unknown}
Comestibles
 c - 4 rations
 r - 9 chunks of flesh


   Skills:
 - Level 3.0 Dodging
 - Level 3.0 Stealth
 + Level 4.5 Spellcasting
 * Level 3.5 Conjurations
 + Level 4.4 Poison Magic


You had 3 spell levels left.
You knew the following spells:

 Your Spells              Type           Power        Failure   Level  Hunger
a - Sting                 Conj/Pois      ###.         1%          1    None
b - Poisonous Vapours     Pois/Air       ##....       2%          2    #......
c - Mephitic Cloud        Conj/Pois/Air  ###.....     4%          3    ##.....
u - Olgreb's Toxic Radia  Pois           ###.....     8%          4    ####...

Your spell library contained the following spells:

 Spells                   Type           Power        Failure   Level  Hunger
 Venom Bolt               Conj/Pois      ###.......   24%         5    ######.


Dungeon Overview and Level Annotations

Branches:
Dungeon (3/15)

Altars:


Message History

Aim: an orc, wielding a +0 club Poisonous vapours surround the orc!
The orc is engulfed in poison gas.
The orc is poisoned.
The orc hits you but does no damage.
Casting: Poisonous Vapours (safe; 2% risk of failure)
Confirm with . or Enter, or press ? or * to list all spells.
Aiming: Mephitic Cloud (safe; 4% risk of failure)
Press: ? - help, Shift-Dir - straight line, p - orc The ball explodes into a vile cloud!
The stinking cloud engulfs the giant cockroach but does no damage.
The stinking cloud engulfs the orc but does no damage.
The orc is severely wounded.
The orc is engulfed in noxious fumes.
The orc appears confused.
You kill the orc!
The giant cockroach is engulfed in noxious fumes.
The giant cockroach appears confused.
You catch the helpless giant cockroach completely off-guard!
You hit the giant cockroach.
You kill the giant cockroach!
The orc zaps a wand.
The puff of flame hits you!
You die...

......# #
#..#
...#######
#)# ...#
#...# #o#
...###...#
#.#
.........#
#o#
....##...#
#°###########
..#..#######
#.○..........
[.)........#
##.○.........
#.####)....#
##@.........
...# #.....#
#..........
.#.#########
#..........
...........#
#..........
#..#)......#
###.#######
##.........#
#..#
###........#
#.##
..##.......#
#.#
..##.......#
#.#


You could see an orc.

Vanquished Creatures
  Jessica (D:3)
  An iguana (D:3)
  5 adders
  3 worms
  6 leopard geckos
  8 orcs
  A ball python (D:1)
  3 giant cockroaches
  8 hobgoblins
  9 kobolds
  2 quokkas
  5 bats
  6 frilled lizards
  5 goblins
  5 rats
68 creatures vanquished.

Notes
Turn   | Place    | Note
-------+----------+-------------------------------------------
     0 | D:1      | FishyPogo the Deep Elf Venom Mage began the quest for the
                  | Orb.
     0 | D:1      | Reached XP level 1. HP: 10/10 MP: 6/6
   103 | D:1      | You fall into a shaft and drop 1 floor!
   132 | D:2      | Reached XP level 2. HP: 15/15 MP: 5/8
   141 | D:2      | Learned a level 2 spell: Poisonous Vapours
   558 | D:2      | Reached XP level 3. HP: 19/19 MP: 7/9
  1055 | D:2      | Reached XP level 4. HP: 8/24 MP: 1/11
  1062 | D:2      | Learned a level 3 spell: Mephitic Cloud
  1067 | D:2      | Learned a level 4 spell: Olgreb's Toxic Radiance
  2349 | D:3      | Reached XP level 5. HP: 9/28 MP: 0/13
  2436 | D:3      | Noticed Jessica
  2443 | D:3      | Killed Jessica
  2522 | D:3      | Killed from afar by an orc

Levels and vault maps discovered:
D:1:      sevenhm_arrival_forest_fort_small_6, layout_basic
D:2:      minmay_alternating_diamond, layout_basic, grunt_ministairs_10,
          minmay_ruptured
D:3:      layout_rooms, first_ration, uniq_jessica

Skill      XL: |  1  2  3  4 |
---------------+-------------+-----
Dodging        | 3 |  3.0
Stealth        | 3 |  3.0
Conjurations   | 2 3 |  3.5
Spellcasting   | 4 |  4.5
Poison Magic   | 4 |  4.4

Action                   |  1- 3 |  4- 6 || total
-------------------------+-------+-------++-------
Melee: Unarmed           |     3 |       ||     3
       Hand axe          |     9 |    22 ||    31
       Dagger            |     2 |       ||     2
Throw: Stone             |     7 |       ||     7
 Cast: Sting             |    49 |    51 ||   100
       Poisonous Vapours |    10 |    13 ||    23
       Mephitic Cloud    |       |     3 ||     3
       Olgreb's Toxic Ra |       |     1 ||     1
 Stab: Sleeping          |     1 |       ||     1
       Confused          |       |     1 ||     1
  Eat: Chunk             |     1 |     5 ||     6
Armor: Robe              |     3 |     5 ||     8
Dodge: Dodged            |    29 |    22 ||    51
